 Dungeon Crawl Stone Soup version 0.25.0-8-gfd19cd77bd (webtiles) character file.

Game seed: 12765860563344201762

21 Kass the Skirmisher (level 2, 0/26 HPs)
             Began as a Barachi Berserker on June 16, 2020.
             Was a Follower of Trog.
             Succumbed to an adder's poison
             ... on level 1 of the Dungeon.
             The game lasted 00:03:57 (1360 turns).

Kass the Skirmisher (Barachi Berserker)             Turns: 1360, Time: 00:03:58

Health: 0/26       AC:  8    Str: 18    XL:     2   Next: 87%
Magic:  2/2        EV:  8    Int:  7    God:    Trog [*.....]
Gold:   35         SH:  0    Dex: 11    Spells: 1/1 levels left

rFire    . . .     SeeInvis .   a - +0 falchion
rCold    . . .     Gourm    .   (no shield)
rNeg     . . .     Faith    .   i - +0 chain mail
rPois    .         Spirit   .   (no helmet)
rElec    .         Reflect  .   (no cloak)
rCorr    .         Harm     .   (no gloves)
MR       .....                  (no boots)
Stlth    ..........             (no amulet)
HPRegen  0.08/turn              (no ring)
MPRegen  0.08/turn              (no ring)

@: lethally poisoned (0 -> -15), can't hop, slow
A: +LOS, swims, slowness 1, strong legs 1
a: Hop, Berserk, Renounce Religion


You were on level 1 of the Dungeon.
You worshipped Trog.
Trog was aware of your devotion.
You were hungry.

You visited 1 branch of the dungeon, and saw 2 of its levels.

You collected 35 gold pieces.

Inventory:

Hand Weapons
 a - a +0 falchion (weapon)
Armour
 b - a +0 animal skin
 e - a +0 scale mail
 i - a +0 chain mail (worn)
Scrolls
 g - a scroll of identify {unknown}
 h - a scroll of remove curse {unknown}
 j - a scroll of enchant weapon {unknown}
 k - a scroll of blinking {unknown}
Potions
 d - 3 potions of heal wounds {unknown}
 f - a potion of berserk rage {unknown}
Comestibles
 c - 2 rations


   Skills:
 + Level 4.9 Fighting
 - Level 3.6 Long Blades
 - Level 2.4 Armour
 - Level 2.1 Dodging


You had one spell level left.
You didn't know any spells.
Your spell library was empty.

Dungeon Overview and Level Annotations

Branches:
Dungeon (2/15)

Altars:


Innate Abilities, Weirdness & Mutations

You can be seen from farther away. (+LOS)
You can swim through water.
You cover ground slowly.
You can hop short distances.


Message History

You miss the adder.
The adder is severely wounded.
* * * LOW HITPOINT WARNING * * *
You feel sick. The adder bites you but does no damage.
The kobold hits you but does no damage.
You closely miss the adder.
The adder is severely wounded.
* * * LOW HITPOINT WARNING * * *
You feel sick. The adder bites you but does no damage.
The kobold hits you but does no damage.
You closely miss the adder.
The adder is severely wounded.
* * * LOW HITPOINT WARNING * * *
You feel sick. The adder barely misses you.
You riposte.
You miss the adder.
The adder is severely wounded.
The kobold hits you but does no damage. The adder completely misses you.
Hop to where?
Press: ? - help, Dir - move target cursor Boing!
You die...

#.#.###.##.##.#.#####.###
### ##.#.# #.##..#.#.#
#.# [..#.# #.###.#.#.#
#.####### ####.###.#
#...#.# #.......#
.........# ##..#.#
#######.# .........#
#..#.# #.# .........#
##.#.# #.# ####.###.#
#.#.# ######.#### #.#
#.#####..@# #..(.......
#.# #.........#
#.......... #.#
#####.##.K####
#..........
#.#######.##.○...#
###########
#.#..........S...#
###.#......#.......#
#...#.....###......#
##.###......#.......#
..........(.........#


You could see an adder and a kobold.

Vanquished Creatures
  A leopard gecko (D:1)
  A giant cockroach (D:1)
  2 goblins (D:1)
  5 hobgoblins (D:1)
  4 jackals (D:1)
  A frilled lizard (D:1)
  2 kobolds (D:1)
  A rat (D:1)
17 creatures vanquished.

Notes
Turn   | Place    | Note
-------+----------+-------------------------------------------
     0 | D:1      | Kass the Barachi Berserker began the quest for the Orb.
     0 | D:1      | Reached XP level 1. HP: 18/18 MP: 1/1
    49 | D:1      | Reached skill level 4 in Fighting
   612 | D:1      | Reached XP level 2. HP: 19/25 MP: 2/2
  1359 | D:1      | HP: 1/26 [poisoned by an adder]
  1360 | D:1      | Succumbed to an adder's poison

Illustrated notes

Levels and vault maps discovered:
D:1:      minmay_arrival_five_plusses, layout_basic
D:2:      layout_loops_ring, led_sif_pool

Skill      XL: |  1 |
---------------+----+-----
Fighting       | 4 |  4.9
Long Blades    | |  3.6
Armour         | |  2.4
Dodging        | |  2.1

Action                   || total
-------------------------++-------
Melee: Falchion          ||    80
 Abil: Hop               ||     1
  Eat: Chunk             ||     1
Armor: Scale mail        ||    15
       Animal skin       ||     2
       Chain mail        ||    25
Dodge: Dodged            ||    38
       Rpst.: Falchion   ||    12
